 Dungeon Crawl Stone Soup version 0.29-a0-275-g389c0b56f3 (webtiles) character file.

Game seed: 278794474542691186

419 pcat the Conjurer (level 6, -4/36 HPs)
             Began as a Deep Elf Conjurer on Mar 10, 2022.
             Was an Initiate of Vehumet.
             Splashed by a jelly's acid (5 damage)
             ... on level 5 of the Dungeon.
             The game lasted 00:12:16 (5803 turns).

pcat the Conjurer (Deep Elf Conjurer)               Turns: 5803, Time: 00:12:17

Health: -4/36      AC:  3    Str:  4    XL:     6   Next: 62%
Magic:  3/16       EV: 13    Int: 25    God:    Vehumet [......]
Gold:   224        SH:  0    Dex: 19    Spells: 6/16 levels left

rFire   . . .      SeeInvis .   c - staff of air
rCold   . . .      Faith    .   (no shield)
rNeg    . . .      Spirit   .   a - +0 robe
rPois   +          Reflect  .   m - +0 helmet
rElec   +          Harm     .   v - +2 cloak {rPois}
rCorr   .          Rampage  .   r - +0 pair of gloves
Will    .....                   (no boots)
Stlth   ++........              (no amulet)
HPRegen 0.12/turn               x - +6 ring of dexterity
MPRegen 0.15/turn               (no ring)

@: corroded
A: no striking features
a: Renounce Religion


You were on level 5 of the Dungeon.
You worshipped Vehumet.
Vehumet was noncommittal.
You visited 2 branches of the dungeon, and saw 6 of its levels.

You collected 224 gold pieces.

Inventory:

Missiles
 k - 2 boomerangs
Armour
 a - a +0 robe (worn)
 m - a +0 helmet (worn)
 r - a +0 pair of gloves (worn)
 v - a +2 cloak of poison resistance (worn)
Magical Staves
 c - a staff of air (weapon)
Jewellery
 x - a +6 ring of dexterity (left hand)
Scrolls
 e - a scroll of identify
Potions
 b - a potion of magic
 g - 2 potions of curing
 l - 2 potions of berserk rage
 n - a potion of attraction
 s - a potion of lignification
 z - a potion of heal wounds


   Skills:
 + Level 2.6 Fighting
 - Level 2.7 Dodging
 - Level 2.7 Stealth
 + Level 5.6 Spellcasting
 + Level 6.0 Conjurations
 + Level 2.2 Translocations
 + Level 0.5 Earth Magic


You had 6 spell levels left.
You knew the following spells:

 Your Spells              Type           Power      Damage    Failure   Level
a - Magic Dart            Conj           100%       1d8       1%          1
b - Iskenderun's Mystic   Conj/Tloc      27%        2d7       14%         4
c - Borgnjor's Vile Clut  Necr/Erth      4%         N/A       89%         5

Your spell library contained the following spells:

 Spells                   Type           Power      Damage    Failure   Level
 Searing Ray              Conj           74%        2d7       1%          2
 Dazzling Flash           Conj/Hex       44%        N/A       7%          3
 Slow                     Hex            28%        N/A       8%          1
 Fulminant Prism          Conj/Hex       11%        3d9       22%         4
 Confusing Touch          Hex            7%         N/A       24%         3
 Ozocubu's Armour         Ice            7%         N/A       24%         3
 Vampiric Draining        Necr           7%         2d6       24%         3
 Passage of Golubria      Tloc           18%        N/A       30%         4
 Alistair's Intoxication  Tmut/Pois      4%         N/A       91%         5
 Silence                  Hex/Air        5%         N/A       91%         5
 Eringya's Noxious Bog    Tmut/Pois      3%         N/A       100%        6
 Ozocubu's Refrigeration  Ice            3%         4d5       100%        7
 Lehudib's Crystal Spear  Conj/Erth      11%        10d4      100%        8


Dungeon Overview and Level Annotations

Branches:
Dungeon (5/15)             Temple (1/1) D:4

Altars:
Cheibriados
Dithmenos
Fedhas
Gozag
Hepliaklqana
Kikubaaqudgha
Makhleb
Nemelex Xobeh
Okawaru
Qazlal
Sif Muna
Trog
Uskayaw
Vehumet
Wu Jian
Xom
Yredelemnul
Zin
The Shining One

Shops:
D:3 (


Message History

The orc priest hits you with a +0 flail.
* * * LOW HITPOINT WARNING * * *
Okay, then.
You feel better.
The orc priest hits you with a +0 flail.
* * * LOW HITPOINT WARNING * * *
You feel better. The orc priest completely misses you.
You hit the orc priest.
The orc priest is almost dead.
The orc priest closely misses you.
You closely miss the orc priest.
The orc priest is almost dead.
The orc priest barely misses you.
You barely miss the orc priest.
The orc priest is almost dead.
The orc priest hits you but does no damage.
You hit the orc priest.
The orc priest is almost dead.
The orc priest barely misses you.
You hit the orc priest but do no damage.
The orc priest is almost dead.
The orc priest closely misses you.
The orc priest hits you with a +0 flail.
You hit the orc priest.
You kill the orc priest!
Vehumet accepts your kill. The jelly hits you but does no damage.
Your Conjurations skill increases to level 6!
You feel better. The jelly hits you but does no damage.
The jelly attacks as you move away! The jelly hits you.
You are splashed with acid!
The jelly attacks as you move away! The jelly barely misses you.
The jelly attacks as you move away! The jelly hits you but does no damage.
The jelly attacks as you move away! The jelly hits you. The acid corrodes you!
You are splashed with acid!
* * * LOW HITPOINT WARNING * * *
The jelly attacks as you move away! The jelly hits you.
* * * LOW HITPOINT WARNING * * *
You are splashed with acid.
You die...

####### ### ## #.....# #..
[..#.....########## #.#
.............>..# #.#
#.....##.###J#.# #.#
#...o.##.# #@#.#####.######
#..J..##.# #.#.#....<.....#
#....l)l.###...#.###..###.#
.....######.......#.#?...#
.... #.................##
... #.###.........#.### ..
... #...........# . ..#..
##......##### ... ...
#........


You could see a jelly.

Vanquished Creatures
  A jelly (D:2)
  An orc priest (D:5)
  Crazy Yiuf (D:3)
  Terence (D:2)
  An orc wizard (D:3)
  Natasha (thrice) (D:2)
  6 adders
  4 gnolls (D:2)
  2 white imps
  A worm (D:2)
  4 dart slugs
  6 orcs
  6 ball pythons
  9 endoplasms
  5 giant cockroaches
  5 goblins
  7 hobgoblins
  2 jackals (D:1)
  2 quokkas
  5 bats
  2 frilled lizards
  6 kobolds
  9 rats
89 creatures vanquished.

Notes
Turn   | Place    | Note
-------+----------+-------------------------------------------
     0 | D:1      | pcat the Deep Elf Conjurer began the quest for the Orb.
     0 | D:1      | Reached XP level 1. HP: 10/10 MP: 6/6
     4 | D:1      | Noticed an electric eel
     5 | D:1      | Noticed an electric eel
   210 | D:1      | You fall into a shaft and drop 1 floor!
   299 | D:1      | Reached XP level 2. HP: 15/15 MP: 6/8
   831 | D:1      | Reached XP level 3. HP: 20/20 MP: 6/10
  1051 | D:2      | Noticed Natasha
  1057 | D:2      | Killed Natasha
  1058 | D:2      | Reached skill level 1 in Fighting
  1339 | D:2      | Noticed Natasha
  1343 | D:2      | Killed Natasha
  1344 | D:2      | Reached skill level 5 in Conjurations
  1344 | D:2      | Reached XP level 4. HP: 7/25 MP: 7/12
  1635 | D:2      | Noticed Natasha
  1639 | D:2      | Killed Natasha
  1673 | D:2      | Noticed Terence
  1688 | D:2      | Killed Terence
  1689 | D:2      | Reached XP level 5. HP: 11/30 MP: 1/14
  1885 | D:1      | Learned a level 4 spell: Iskenderun's Mystic Blast
  2397 | D:2      | Reached skill level 5 in Spellcasting
  2397 | D:2      | Reached skill level 1 in Translocations
  3092 | D:3      | Reached XP level 6. HP: 35/35 MP: 12/15
  3092 | D:3      | Found a hazy altar of Hepliaklqana.
  3092 | D:3      | Found a blossoming altar of Fedhas.
  3092 | D:3      | Found a basalt altar of Yredelemnul.
  3449 | D:3      | Found a runed translucent door.
  3450 | D:3      | Noticed Crazy Yiuf
  3640 | D:3      | Found Domeusol's Weapon Shop.
  3863 | D:3      | Killed Crazy Yiuf
  4115 | D:4      | Found a staircase to the Ecumenical Temple.
  4351 | D:4      | Learned a level 5 spell: Borgnjor's Vile Clutch
  4858 | Temple   | Entered the Ecumenical Temple
  4951 | Temple   | Became a worshipper of Vehumet
  5283 | D:5      | Entered Level 5 of the Dungeon
  5283 | D:5      | Noticed a troll
  5786 | D:5      | HP: 1/36 [orc priest/+0 flail (4)]
  5795 | D:5      | Reached skill level 6 in Conjurations
  5803 | D:5      | HP: 1/36 [jelly (1)]
  5803 | D:5      | Splashed by a jelly's acid

Illustrated notes

Levels and vault maps discovered:
D:1:      arrival_aquarium_b, layout_basic, lemuel_another_geyser
D:2:      layout_rooms, serial_glass, glass_columns_c, glass_columns_b,
          uniq_terence, uniq_natasha
D:3:      layout_loops_ring, gammafunk_temple_overflow_claw, serial_shops,
          nicolae_shop_bloodbath_and_beyond, uniq_crazy_yiuf_cottage
D:4:      layout_loops_ring, temple_doors_e, minmay_misc_feat_enclosed
D:5:      layout_basic, amcnicky_altar_gilded, gammafunk_ghost_arena,
          cheibrodos_sewer_entry_sluice, nicolae_ossuary_entry_monument
Temple:   lightli_temple_of_artemis

Skill      XL: |  1  2  3  4  5  6 |
---------------+-------------------+-----
Fighting       | 1 2 |  2.6
Spellcasting   | 4 5 |  5.6
Conjurations   | 5 6 |  6.0
Translocations | 1 2 |  2.2
Dodging        | |  2.7
Stealth        | |  2.7
Earth Magic    | |  0.5

Action                   |  1- 3 |  4- 6 || total
-------------------------+-------+-------++-------
Melee: Unarmed           |     3 |       ||     3
       Staff             |       |    21 ||    21
 Cast: Magic Dart        |    71 |   138 ||   209
       Iskenderun's Myst |       |    13 ||    13
  Use: Scroll            |       |    12 ||    12
       Potion            |       |     3 ||     3
Armor: Robe              |     2 |    16 ||    18
Dodge: Dodged            |    14 |    35 ||    49

Table legend: (Time is in decaauts)
 A = Elapsed time spent in this place.
 B = Non-inter-level travel time spent in this place.
 C = Inter-level travel time spent in this place.
 D = Time resting spent in this place.
 E = Time spent auto-exploring this place.
 F = Levels seen in this place.
 G = Mean time per level.
                   A        B        C        D        E       F      G
               +--------+--------+--------+--------+--------+-----+--------+
         Total |   5821 |   5410 |    411 |   1476 |   2960 |   6 |  970.2 |
       Dungeon |   5433 |   5023 |    410 |   1261 |   2880 |   5 | 1086.6 |
        Temple |    387 |    387 |      0 |    215 |     80 |   1 |  387.0 |
               +--------+--------+--------+--------+--------+-----+--------+

Top non-repeatable levels by time:
     D:1: 2064 daAuts
     D:4: 1300 daAuts
     D:3: 1133 daAuts
     D:2: 841 daAuts
  Temple: 387 daAuts
     D:5: 93 daAuts
